 Dungeon Crawl Stone Soup version 0.23.1-37-gaa34b87 (webtiles) character file.

Game seed: 16368532703819992309

771 night the Covert (level 7, 0/56 HPs)
             Began as a Gnoll Assassin on Mar 26, 2019.
             Was a Believer of Cheibriados.
             Slain by a bullfrog (3 damage)
             ... on level 7 of the Dungeon.
             The game lasted 00:12:52 (4463 turns).

night the Covert (Gnoll Assassin)                   Turns: 4463, Time: 00:12:53

Health: 0/56       AC:  4    Str: 18    XL:     7   Next: 83%
Magic:  8/11       EV: 14    Int: 19    God:    Cheibriados [**....]
Gold:   216        SH:  5    Dex: 20    Spells: 11/11 levels left

rFire    . . .     SeeInvis .   a - +2 dagger
rCold    . . .     Gourm    +   B - +0 buckler
rNeg     . . .     Faith    .   c - +0 robe
rPois    .         Spirit   .   (no helmet)
rElec    .         Reflect  .   d - +0 cloak
rCorr    .         Harm     .   m - +0 pair of gloves
MR       .....                  (no boots)
Stlth    ++++......             y - amulet of the gourmand
HPRegen  0.18/turn              o - ring of flight
MPRegen  0.12/turn              (no ring)

@: very slightly contaminated, very slow
A: distributed training, fangs 1, strong nose
a: Bend Time, Renounce Religion, Evoke Flight


You were on level 7 of the Dungeon.
You worshipped Cheibriados.
Cheibriados was pleased with you.
You were not hungry.

You visited 1 branch of the dungeon, and saw 6 of its levels.

You collected 216 gold pieces.

Inventory:

Hand Weapons
 a - a +2 dagger (weapon)
 b - a +0 blowgun
 u - a +0 mace of holy wrath
 A - a +0 shortbow
Missiles
 e - 7 poisoned needles
 f - 2 curare-tipped needles
 j - a throwing net (quivered)
 q - 44 arrows
Armour
 c - a +0 robe (worn)
 d - a +0 cloak (worn)
 m - a +0 pair of gloves (worn)
 B - a +0 buckler (worn)
Jewellery
 h - an uncursed ring of resist corrosion {unknown}
 o - a ring of flight (left hand)
 r - a cursed ring of teleportation {unknown}
 y - an amulet of the gourmand (around neck)
 C - a cursed -4 ring of intelligence {unknown}
Scrolls
 k - a scroll of identify
 n - a scroll of magic mapping
 z - 2 scrolls of remove curse
Potions
 i - a potion of invisibility
 s - a potion of might
 t - a potion of degeneration {unknown}
 w - a potion of magic {unknown}
Comestibles
 g - 9 rations


   Skills:
 + Level 5.3 Fighting
 + Level 5.3 Short Blades
 + Level 2.7 Long Blades
 + Level 2.7 Axes
 + Level 2.7 Maces & Flails
 + Level 2.7 Polearms
 + Level 2.7 Staves
 + Level 2.7 Slings
 + Level 2.7 Bows
 + Level 2.7 Crossbows
 + Level 5.3 Throwing
 + Level 2.7 Armour
 + Level 3.8 Dodging
 + Level 8.3 Stealth
 + Level 2.7 Shields
 + Level 2.7 Unarmed Combat
 + Level 2.7 Spellcasting
 + Level 2.2 Conjurations
 + Level 2.2 Hexes
 + Level 2.2 Charms
 + Level 2.2 Summonings
 + Level 2.2 Necromancy
 + Level 2.2 Translocations
 + Level 2.2 Transmutations
 + Level 2.2 Fire Magic
 + Level 2.2 Ice Magic
 + Level 2.2 Air Magic
 + Level 2.2 Earth Magic
 + Level 2.2 Poison Magic
 + Level 3.0 Invocations
 + Level 2.7 Evocations


You had 11 spell levels left.
You didn't know any spells.
Your spell library was empty.

Dungeon Overview and Level Annotations

Branches:
Dungeon (5/15)
 Temple: D:4-7

Altars:
Cheibriados
Fedhas
Okawaru
Trog
Yredelemnul


Innate Abilities, Weirdness & Mutations

Your experience applies equally to all skills.
You have very sharp teeth.
Your uncanny sense of smell can sniff out nearby items.


Message History

The gnoll closely misses you.
The gnoll hits you from afar with a +0 spear.
* * * LOW HITPOINT WARNING * * *
The bullfrog misses you. The flow of time bends around you.
Cheibriados rebukes the bullfrog.
The bullfrog seems to slow down.
Cheibriados rebukes the gnoll.
The gnoll seems to slow down.
You feel slightly more hungry. The gnoll misses you.
The bullfrog completely misses you.
You are too injured to fight recklessly!
You hit the bullfrog.
The bullfrog is moderately wounded.
The gnoll hits you with a +0 flail!
* * * LOW HITPOINT WARNING * * *
The gnoll closely misses you.
You hit the bullfrog. Your bite misses the bullfrog.
The bullfrog is heavily wounded.
You block the gnoll's attack. The bullfrog hits you.
You die...

,,,,,,*,,,,,,,,*
,,,,,,*,,,,,,>,*
,,,,,,*,,,,,,,,*
,,,,,**********#####
******,,.......#...##
,,,,,*,,.......#....#
,,,,,+,,.......#....#
,,,,,*,,.......#....#
,,,,,*,,.......#@...#
,,,,,*,,.....F.#Fg..#
******,,.......#gg..#
,,,,,*,,.......'...##*****
,,,,,*,,.......#####,,,,,*
,,,,,*,,.......*,,,*,,,,,*
,,,,,*,,.......*,,,*,,,,,*
,,,<,*,,.......+,,,*,,,,,*
,,,,,*,,.......*,,,*,,,,,*


You could see a bullfrog and 3 gnolls.

Vanquished Creatures
  Sigmund (D:2)
  2 ogres
  A centaur (D:5)
  A crimson imp (D:5)
  An orc priest (D:4)
  An iguana (D:5)
  An orc wizard (D:4)
  2 worker ants (D:5)
  A hound skeleton (D:4)
  A worker ant zombie (D:5)
  6 adders
  A gnoll (D:7)
  3 oozes
  7 worms (D:2)
  9 dart slugs
  2 leopard geckos
  2 orcs
  4 ball pythons
  3 giant cockroaches
  8 hobgoblins
  2 quokkas
  3 bats
  5 frilled lizards
  6 goblins
  2 jackal skeletons (D:4)
  8 kobolds
  3 rats
86 creatures vanquished.

Notes
Turn   | Place    | Note
-------+----------+-------------------------------------------
     0 | D:1      | night the Gnoll Assassin began the quest for the Orb.
     0 | D:1      | Reached XP level 1. HP: 20/20 MP: 1/1
   181 | D:1      | Reached XP level 2. HP: 26/26 MP: 2/2
   750 | D:2      | Reached XP level 3. HP: 28/31 MP: 3/3
   832 | D:2      | Reached skill level 1 in Invocations
   964 | D:2      | Found a snail-covered altar of Cheibriados.
   991 | D:2      | Reached skill level 1 in Long Blades
   991 | D:2      | Reached skill level 1 in Axes
   991 | D:2      | Reached skill level 1 in Maces & Flails
   991 | D:2      | Reached skill level 1 in Polearms
   991 | D:2      | Reached skill level 1 in Staves
   991 | D:2      | Reached skill level 1 in Slings
   991 | D:2      | Reached skill level 1 in Bows
   991 | D:2      | Reached skill level 1 in Crossbows
   991 | D:2      | Reached skill level 1 in Armour
   991 | D:2      | Reached skill level 1 in Shields
   991 | D:2      | Reached skill level 1 in Unarmed Combat
   991 | D:2      | Reached skill level 1 in Spellcasting
   991 | D:2      | Reached skill level 1 in Evocations
  1072 | D:2      | Reached XP level 4. HP: 25/38 MP: 5/5
  1084 | D:2      | Became a worshipper of Cheibriados the Contemplative
  1492 | D:2      | Found a bloodstained altar of Trog.
  1574 | D:2      | Noticed an ogre
  1581 | D:2      | Killed an ogre
  1581 | D:2      | Reached skill level 1 in Conjurations
  1581 | D:2      | Reached skill level 1 in Hexes
  1581 | D:2      | Reached skill level 1 in Charms
  1581 | D:2      | Reached skill level 1 in Summonings
  1581 | D:2      | Reached skill level 1 in Necromancy
  1581 | D:2      | Reached skill level 1 in Translocations
  1581 | D:2      | Reached skill level 1 in Transmutations
  1581 | D:2      | Reached skill level 1 in Fire Magic
  1581 | D:2      | Reached skill level 1 in Ice Magic
  1581 | D:2      | Reached skill level 1 in Air Magic
  1581 | D:2      | Reached skill level 1 in Earth Magic
  1581 | D:2      | Reached skill level 1 in Poison Magic
  1581 | D:2      | Reached XP level 5. HP: 43/43 MP: 5/7
  1628 | D:2      | Noticed Sigmund
  1633 | D:2      | Killed Sigmund
  1633 | D:2      | Reached skill level 5 in Fighting
  1633 | D:2      | Reached skill level 5 in Short Blades
  1633 | D:2      | Reached skill level 5 in Throwing
  1633 | D:2      | Reached skill level 8 in Stealth
  1633 | D:2      | Reached XP level 6. HP: 42/51 MP: 8/8
  1899 | D:2      | Found a faded altar of an unknown god.
  2122 | D:3      | Reached * piety under Cheibriados
  2177 | D:3      | Found an iron altar of Okawaru.
  3208 | D:4      | Found a blossoming altar of Fedhas.
  3214 | D:5      | Entered Level 5 of the Dungeon
  3280 | D:5      | Reached XP level 7. HP: 18/56 MP: 10/10
  3835 | D:5      | Reached ** piety under Cheibriados
  3895 | D:5      | Found a basalt altar of Yredelemnul.
  4420 | D:5      | You fall through a shaft for 2 floors!
  4463 | D:7      | Slain by a bullfrog

Skill      XL: |  1  2  3  4  5  6  7 |
---------------+----------------------+-----
Invocations    | 1 2 3 |  3.0
Long Blades    | 1 2 |  2.7
Axes           | 1 2 |  2.7
Maces & Flails | 1 2 |  2.7
Polearms       | 1 2 |  2.7
Staves         | 1 2 |  2.7
Slings         | 1 2 |  2.7
Bows           | 1 2 |  2.7
Crossbows      | 1 2 |  2.7
Armour         | 1 2 |  2.7
Shields        | 1 2 |  2.7
Unarmed Combat | 1 2 |  2.7
Spellcasting   | 1 2 |  2.7
Evocations     | 1 2 |  2.7
Dodging        | 3 |  3.8
Conjurations   | 1 2 |  2.2
Hexes          | 1 2 |  2.2
Charms         | 1 2 |  2.2
Summonings     | 1 2 |  2.2
Necromancy     | 1 2 |  2.2
Translocations | 1 2 |  2.2
Transmutations | 1 2 |  2.2
Fire Magic     | 1 2 |  2.2
Ice Magic      | 1 2 |  2.2
Air Magic      | 1 2 |  2.2
Earth Magic    | 1 2 |  2.2
Poison Magic   | 1 2 |  2.2
Fighting       | 5 |  5.3
Short Blades   | 5 |  5.3
Throwing       | 5 |  5.3
Stealth        | 8 |  8.3

Action                   |  1- 3 |  4- 6 |  7- 9 || total
-------------------------+-------+-------+-------++-------
Melee: Dagger            |    87 |   141 |   115 ||   343
       Bite              |    13 |    18 |    18 ||    49
       Punch             |     1 |     3 |       ||     4
 Fire: Blowgun           |       |       |     4 ||     4
Throw: Throwing net      |       |     3 |       ||     3
Invok: Bend Time         |       |       |     1 ||     1
  Use: Scroll            |       |       |     6 ||     6
       Potion            |       |       |     2 ||     2
 Stab: Sleeping          |     8 |    11 |     6 ||    25
       Held in net/web   |       |     2 |       ||     2
       Distracted        |       |     1 |     1 ||     2
  Eat: Chunk             |       |     6 |     2 ||     8
Armor: Robe              |    16 |    10 |    13 ||    39
Dodge: Dodged            |    32 |    57 |    77 ||   166
Block: Buckler           |       |       |    17 ||    17
